[Event "URU-ch Women 2021"]
[Site "Montevideo"]
[Date "2021.03.04"]
[Round "1.1"]
[White "Fabra, Nahiara"]
[Black "Silva Rosas, Natalia"]
[Result "0-1"]
[ECO "A52"]
[WhiteElo "1419"]
[BlackElo "1771"]
[Annotator "NA RC"]
[PlyCount "62"]
[EventDate "2021.03.04"]
[EventType "tourn"]
[EventCountry "URU"]
[SourceTitle "playchess.com"]
[Source "ChessBase"]
[SourceQuality "1"]
[TimeControl "3600+30"]

1. d4 Nf6 2. c4 e5 3. dxe5 Ng4 4. Nf3 Nc6 5. g3 Bc5 6. e3 Ngxe5 7. Nxe5 Nxe5 8. Qd5 Bb4+ 9. Bd2 Bxd2+ 10. Nxd2 Qe7 11. Bg2 O-O 12. O-O d6 13. Qe4 f5 14. Qc2 c6 15. Rae1 Be6 16. f4 Ng4 17. e4 Qc7 18. h3 Nh6 19. e5 Rad8 20. Nf3 Qb6+ 21. Kh2 d5 22. Ng5 Rfe8 23. Nxe6 Rxe6 24. cxd5 cxd5 25. Rd1 Ng4+ 26. hxg4 Rh6+ 27. Bh3 fxg4 28. Qf2 Rxh3+ 29. Kg2 d4 30. Rh1 Qc6+ 31. Qf3 Qxf3+ 0-1

[Event "URU-ch Women 2021"]
[Site "Montevideo"]
[Date "2021.03.04"]
[Round "1.2"]
[White "Quevedo, Andreina"]
[Black "Larrea, Daniela"]
[Result "1-0"]
[ECO "C41"]
[WhiteElo "1867"]
[BlackElo "1705"]
[Annotator "NA RC"]
[PlyCount "79"]
[EventDate "2021.03.04"]
[EventType "tourn"]
[EventCountry "URU"]
[SourceTitle "playchess.com"]
[Source "ChessBase"]
[SourceQuality "1"]
[TimeControl "3600+30"]

1. e4 d6 2. d4 e5 3. Nf3 Nd7 4. Bc4 Be7 5. O-O Ngf6 6. Nc3 O-O 7. a4 a5 8. Qe2 exd4 9. Nxd4 Nb6 10. Bb3 Bg4 11. f3 Bd7 12. Rd1 Qc8 13. Be3 Ne8 14. Ndb5 Bxb5 15. Nxb5 Ra6 16. Rd2 Bf6 17. c3 h6 18. Rad1 Kh7 19. f4 g6 20. e5 Be7 21. Bc2 dxe5 22. fxe5 Qe6 23. Qh5 Nc4 24. Qxh6+ Kg8 25. Bb3 Rc6 26. Nd4 Bc5 27. Bxc4 Qxc4 28. Nxc6 Bxe3+ 29. Qxe3 Qxc6 30. b3 Ng7 31. Rd8 Rxd8 32. Rxd8+ Ne8 33. Qf3 Qc5+ 34. Kf1 Qxe5 35. h3 Kg7 36. Rd5 Qe6 37. c4 b6 38. Qe2 Qf6+ 39. Kg1 Qa1+ 40. Rd1 1-0

[Event "URU-ch Women 2021"]
[Site "Montevideo"]
[Date "2021.03.04"]
[Round "1.3"]
[White "Silvera, Pilar"]
[Black "Roepke, Sofia"]
[Result "0-1"]
[ECO "C54"]
[WhiteElo "1453"]
[BlackElo "1562"]
[Annotator "NA RC"]
[PlyCount "148"]
[EventDate "2021.03.04"]
[EventType "tourn"]
[EventCountry "URU"]
[SourceTitle "playchess.com"]
[Source "ChessBase"]
[SourceQuality "1"]
[TimeControl "3600+30"]

1. e4 e5 2. Nf3 Nc6 3. Bc4 Bc5 4. c3 Nf6 5. d3 d6 6. O-O a5 7. a4 h6 8. Nbd2 O-O 9. h3 Be6 10. Bb3 Ba7 11. Bc2 d5 12. exd5 Bxd5 13. Re1 Re8 14. Ne4 Nxe4 15. dxe4 Be6 16. Qe2 Qf6 17. Be3 Bxe3 18. Qxe3 Rad8 19. Rad1 b6 20. Qe2 Ne7 21. Nh2 Ng6 22. Qf3 Nf4 23. Kh1 Bc4 24. Ng4 Qg5 25. Rxd8 Rxd8 26. Ne3 Be6 27. Nf1 h5 28. Rd1 Rxd1 29. Bxd1 Bc4 30. Ne3 Ba6 31. Bb3 Qg6 32. Nd5 Nxd5 33. Bxd5 Kf8 34. Kh2 Ke7 35. Qg3 Qf6 36. Qe3 h4 37. Kg1 g5 38. Bb3 Bb7 39. Bc4 Bc6 40. Qe2 Qf4 41. Bd3 Bxa4 42. f3 Qc1+ 43. Kh2 f6 44. Bb5 Qd1 45. Qc4 Bxb5 46. Qxb5 Qd7 47. Qc4 b5 48. Qg8 Qe8 49. Qxe8+ Kxe8 50. Kg1 c5 51. Kf2 b4 52. Ke2 bxc3 53. bxc3 c4 54. Kd2 Kf7 55. Kc2 Kg6 56. Kb2 f5 57. Ka3 fxe4 58. fxe4 g4 59. Ka4 gxh3 60. gxh3 Kg5 61. Kb5 Kf4 62. Kxc4 Kxe4 63. Kb5 a4 64. Kxa4 Kd3 65. Kb4 e4 66. c4 e3 67. c5 e2 68. Kb5 e1=Q 69. c6 Qc1 70. Kb6 Qe3+ 71. Kb7 Qxh3 72. c7 Qd7 73. Kb8 Qxc7+ 74. Kxc7 h3 0-1

[Event "URU-ch Women 2021"]
[Site "Montevideo"]
[Date "2021.03.05"]
[Round "2.1"]
[White "Larrea, Daniela"]
[Black "Silvera, Pilar"]
[Result "1-0"]
[ECO "A85"]
[WhiteElo "1705"]
[BlackElo "1410"]
[Annotator "NA RC"]
[PlyCount "53"]
[EventDate "2021.03.04"]
[EventType "tourn"]
[EventCountry "URU"]
[SourceTitle "playchess.com"]
[Source "ChessBase"]
[SourceQuality "1"]
[TimeControl "3600+30"]

1. d4 f5 2. c4 Nf6 3. Nc3 e6 4. g3 d5 5. Bg2 c6 6. b3 Bd6 7. Nh3 O-O 8. O-O Nbd7 9. Qc2 dxc4 10. bxc4 Qa5 11. Ng5 Bb4 12. Na4 Nb6 13. Nxb6 Qxb6 14. c5 Qa5 15. Rb1 Nd5 16. Bb2 Qd8 17. Nf3 Ba5 18. Bc1 Bc7 19. Rb3 Qe7 20. e4 fxe4 21. Qxe4 Nf6 22. Qc2 Nd5 23. Ng5 Nf6 24. Rf3 g6 25. Ne4 Kg7 26. Bg5 h6 27. Bxf6+ 1-0

[Event "URU-ch Women 2021"]
[Site "Montevideo"]
[Date "2021.03.05"]
[Round "2.2"]
[White "Silva Rosas, Natalia"]
[Black "Quevedo, Andreina"]
[Result "1/2-1/2"]
[ECO "A01"]
[WhiteElo "1771"]
[BlackElo "1867"]
[Annotator "NA RC"]
[PlyCount "120"]
[EventDate "2021.03.04"]
[EventType "tourn"]
[EventCountry "URU"]
[SourceTitle "playchess.com"]
[Source "ChessBase"]
[SourceQuality "1"]
[TimeControl "3600+30"]

1. b3 d5 2. Bb2 c5 3. e3 Nc6 4. Bb5 Nf6 5. Nf3 a6 6. Bxc6+ bxc6 7. Ne5 Qc7 8. f4 e6 9. O-O Bd6 10. Rf3 O-O 11. Rh3 Bxe5 12. Bxe5 Qe7 13. Rg3 Kh8 14. Nc3 Ne8 {[%emt 0:07:24] [#]} 15. Qh5 $2 (15. Na4 $1 $16 {is forced if you want to stay better.}) 15... f6 16. Rh3 h6 17. Qh4 Qf7 (17... Ra7 $19 18. Rf1 (18. Bb8 $2 Rb7 $19) 18... fxe5 19. fxe5 Rxf1+ 20. Kxf1 a5 21. Qxe7 Rxe7) 18. Ne2 fxe5 19. fxe5 Ra7 20. Nf4 Kh7 21. Rg3 Qf5 22. Nd3 g5 23. Qa4 Raf7 24. Rf3 Qg6 25. Rxf7+ Qxf7 26. Qxc6 {[%emt 0:00:22] [#]} Bb7 (26... c4 $1 $19 {and Black stays clearly on top.} 27. bxc4 Bb7) 27. Qxc5 Ng7 28. Qd4 (28. Qa7 $17) 28... Nf5 29. Qg4 Ne7 (29... Nh4 $19 30. Qe2 d4) 30. h4 $2 (30. Qe2 $15) 30... gxh4 31. Qxh4 Ng6 32. Qd4 (32. Qg3 $17) 32... Qc7 ({Black should play} 32... a5 $19 33. Rb1 Qf5) 33. Nc5 Bc8 34. Nd3 Rf7 35. c4 {[%emt 0:00:41] [#]} (35. c3 $142) 35... dxc4 $1 36. Rc1 Qa5 ({Black should try} 36... Bb7 37. Rxc4 Qe7) 37. Rxc4 Rd7 38. Qe4 $2 (38. Qc3 $11 Qxc3 39. Rxc3) 38... Bb7 39. Qg4 Rxd3 $2 (39... Qxd2 $19 {has better winning chances.} 40. Kh2 Rxd3 41. Rc7+ Rd7 42. Rxd7+ Qxd7) 40. Qxe6 Qxe5 41. Qf7+ Qg7 42. Qxg7+ Kxg7 43. Rc7+ {[%emt 0:00:01] [#]} Kg8 $2 (43... Kf6 $1 $19 44. Rxb7 Rxd2 45. Rb6+ Kg5 46. Rxa6 Nh4) 44. Rxb7 Rxd2 45. a4 Re2 (45... Nh4 $17 46. Rb4 Nf5) 46. Rb6 Kg7 47. Rxa6 Rxe3 48. b4 Ne7 49. Kf2 Rb3 50. b5 Nd5 51. Ra7+ Kg6 52. Rd7 Nc3 53. Rd6+ Kg5 54. Ra6 (54. Rd4 $15) 54... Rb4 55. b6 (55. a5 $17) 55... Nxa4 56. b7 Rxb7 $2 (56... Nc3 $19 57. Rc6 Ne4+ 58. Kf3 Nf6 59. Rc5+ Kg6) 57. Rxa4 Rb3 58. g3 h5 59. Kg2 Rc3 60. Kh3 Rc5 $11 1/2-1/2

[Event "URU-ch Women 2021"]
[Site "Montevideo"]
[Date "2021.03.05"]
[Round "2.3"]
[White "Sosa, Ines"]
[Black "Fabra, Nahiara"]
[Result "1-0"]
[ECO "B21"]
[WhiteElo "1167"]
[BlackElo "1419"]
[Annotator "NA RC"]
[PlyCount "57"]
[EventDate "2021.03.04"]
[EventType "tourn"]
[EventCountry "URU"]
[SourceTitle "playchess.com"]
[Source "ChessBase"]
[SourceQuality "1"]
[TimeControl "3600+30"]

1. e4 c5 2. d4 cxd4 3. c3 dxc3 4. Nxc3 d6 5. Bc4 e6 6. Nf3 Be7 7. O-O Nf6 8. Qe2 O-O 9. Rd1 Nc6 10. e5 Ne8 11. Bf4 d5 12. Bb3 a6 13. Rac1 b5 14. Nxd5 Bd7 15. Nxe7+ Qxe7 16. Qd3 Ra7 17. a3 Na5 18. Be3 Nxb3 19. Qxb3 Rc7 20. Qd3 Bc8 21. Rxc7 Nxc7 22. Qd6 Qxd6 23. exd6 Nd5 24. Ne5 Nxe3 25. fxe3 f6 26. d7 fxe5 27. d8=Q Rxd8 28. Rxd8+ Kf7 29. Rxc8 1-0

[Event "URU-ch Women 2021"]
[Site "Montevideo"]
[Date "2021.03.05"]
[Round "3.1"]
[White "Quevedo, Andreina"]
[Black "Sosa, Ines"]
[Result "1-0"]
[ECO "A22"]
[WhiteElo "1867"]
[BlackElo "1167"]
[Annotator "NA RC"]
[PlyCount "90"]
[EventDate "2021.03.04"]
[EventType "tourn"]
[EventCountry "URU"]
[SourceTitle "playchess.com"]
[Source "ChessBase"]
[SourceQuality "1"]
[TimeControl "3600+30"]

1. c4 e5 2. Nc3 Nf6 3. g3 Bc5 4. Bg2 O-O 5. e3 Nc6 6. a3 a5 7. Nge2 d6 8. Qc2 Be6 9. Nd5 Bxd5 10. cxd5 Ne7 11. Nc3 c6 12. dxc6 bxc6 13. O-O Ned5 ({Black should play} 13... Qd7 $14) 14. Rd1 Qd7 15. b3 Bb6 16. Bb2 Rfe8 17. Ne2 Rac8 18. d4 e4 19. Nc3 Nxc3 20. Bxc3 d5 21. b4 Ra8 22. bxa5 Bxa5 23. Rdc1 Rec8 24. Bf1 c5 25. Bxa5 Rxa5 26. dxc5 Raxc5 27. Qxc5 Rxc5 28. Rxc5 g6 {[%emt 0:00:30] [#]} (28... h5 $11 {remains equal.}) 29. a4 (29. Rc2 $1 $16) 29... Qa7 30. Rc8+ Kg7 31. a5 Nd7 $2 (31... d4 $11 {and Black is okay.} 32. exd4 Qxd4) 32. Rcc1 Nc5 33. Rcb1 Kh6 34. a6 f6 35. Rb5 Nxa6 36. Rba5 Qb6 37. Rxa6 Qb3 38. Rxf6 Qb2 39. Rfa6 d4 40. exd4 Qxd4 41. R6a4 Qc3 42. R1a3 Qb2 43. Re3 Qc2 44. Raxe4 Qc5 45. h4 $18 (45. Re7 $142 Qd6 46. R3e6 Qd8 47. Rf7 Kg5 48. Re5+ Kh6 49. Ree7 Qg8 50. h4) 45... Qd5 1-0

[Event "URU-ch Women 2021"]
[Site "Montevideo"]
[Date "2021.03.05"]
[Round "3.2"]
[White "Silvera, Pilar"]
[Black "Silva Rosas, Natalia"]
[Result "0-1"]
[ECO "B41"]
[WhiteElo "1410"]
[BlackElo "1771"]
[Annotator "NA RC"]
[PlyCount "54"]
[EventDate "2021.03.04"]
[EventType "tourn"]
[EventCountry "URU"]
[SourceTitle "playchess.com"]
[Source "ChessBase"]
[SourceQuality "1"]
[TimeControl "3600+30"]

1. e4 c5 2. Nf3 e6 3. d4 cxd4 4. Nxd4 a6 5. a3 Nf6 6. Nc3 Qc7 7. Be3 Nc6 8. g4 h5 9. gxh5 Rxh5 10. Qf3 Ne5 11. Qg3 b5 12. Bg2 b4 13. axb4 Bxb4 14. Bd2 Bb7 15. f3 d6 16. Na2 Bxd2+ 17. Kxd2 Nc4+ 18. Kc1 Qb6 19. Nb3 Qe3+ 20. Kb1 Rg5 21. Qh3 Nh5 22. Qh4 Rb5 23. Qe1 Na3+ 24. bxa3 Rxb3+ 25. cxb3 Qxb3+ 26. Kc1 Rc8+ 27. Kd2 Rc2+ 0-1

[Event "URU-ch Women 2021"]
[Site "Montevideo"]
[Date "2021.03.05"]
[Round "3.3"]
[White "Roepke, Sofia"]
[Black "Larrea, Daniela"]
[Result "1/2-1/2"]
[ECO "C41"]
[WhiteElo "1589"]
[BlackElo "1705"]
[Annotator "NA RC"]
[PlyCount "70"]
[EventDate "2021.03.04"]
[EventType "tourn"]
[EventCountry "URU"]
[SourceTitle "playchess.com"]
[Source "ChessBase"]
[SourceQuality "1"]
[TimeControl "3600+30"]

1. e4 d6 2. d4 e5 3. Nf3 Nd7 4. Bc4 c6 5. a4 Be7 6. Nc3 Ngf6 7. O-O O-O 8. Re1 b6 9. h3 Bb7 10. b3 Qc7 11. Bb2 a6 12. Bd3 Rfe8 13. Ne2 Bf8 14. Ng3 g6 15. c4 Bg7 16. d5 c5 17. Nh2 Bh6 18. Bc1 Bxc1 19. Qxc1 Kg7 20. Qg5 Kh8 21. Ng4 Nxg4 22. hxg4 Qd8 23. Qh6 Qf6 24. f3 Qf4 25. Qh3 Nf6 26. Nf1 Kg7 27. Ne3 Bc8 28. Qh2 Qxh2+ 29. Kxh2 h5 30. gxh5 Nxh5 31. a5 Rh8 32. Kg1 Nf4 33. Bf1 Rb8 34. axb6 Rxb6 35. Ra3 Bd7 1/2-1/2

[Event "URU-ch Women 2021"]
[Site "Montevideo"]
[Date "2021.03.06"]
[Round "4.1"]
[White "Silva Rosas, Natalia"]
[Black "Roepke, Sofia"]
[Result "1-0"]
[ECO "C42"]
[WhiteElo "1796"]
[BlackElo "1589"]
[Annotator "NA RC"]
[PlyCount "89"]
[EventDate "2021.03.04"]
[EventType "tourn"]
[EventCountry "URU"]
[SourceTitle "playchess.com"]
[Source "ChessBase"]
[SourceQuality "1"]
[TimeControl "3600+30"]

1. e4 e5 2. Nf3 Nf6 3. d3 d6 4. h3 h6 5. c3 Nc6 6. Na3 Be6 7. Nc2 d5 8. Qe2 dxe4 9. dxe4 Bc5 10. Be3 Bxe3 11. Qxe3 a6 12. Rd1 Qe7 13. Nh4 g6 14. b3 Nd7 15. g3 Qg5 16. Qe2 f5 17. exf5 gxf5 18. Bg2 e4 19. Nd4 Nxd4 20. cxd4 O-O-O 21. O-O Bd5 22. Rc1 Nb6 23. Qc2 Bc6 24. Qc5 Rd5 25. Qc3 Rhd8 26. Rfd1 Qf6 27. Bf1 Rxd4 28. Rxd4 Rxd4 29. Nxf5 Qxf5 30. Qxd4 Kb8 31. Qh8+ Ka7 32. Qxh6 Qa5 33. a4 Qd5 34. Qe3 Qa5 35. Rc5 Qb4 36. a5 Nd5 37. Rxd5+ b6 38. axb6+ cxb6 39. Rd4 Qf8 40. Bg2 Qa3 41. Bxe4 Bb5 42. Rd1 a5 43. Bg2 Qb4 44. Qf3 Qe7 45. Qa8# 1-0

[Event "URU-ch Women 2021"]
[Site "Montevideo"]
[Date "2021.03.06"]
[Round "4.1"]
[White "Sosa, Ines"]
[Black "Silvera, Pilar"]
[Result "0-1"]
[ECO "B21"]
[WhiteElo "1167"]
[BlackElo "1410"]
[Annotator "NA RC"]
[PlyCount "135"]
[EventDate "2021.03.04"]
[EventType "tourn"]
[EventCountry "URU"]
[SourceTitle "playchess.com"]
[Source "ChessBase"]
[SourceQuality "1"]
[TimeControl "3600+30"]

1. e4 c5 2. d4 cxd4 3. c3 dxc3 4. Nxc3 e6 5. Bc4 a6 6. Nf3 b5 7. Bb3 Bb7 8. O-O Ne7 9. Qe2 Ng6 10. Rd1 Be7 11. Bc2 Qc7 12. Bg5 Bxg5 13. Nxg5 h6 14. Nxf7 Kxf7 15. Qh5 Qe5 16. Qf3+ Qf4 17. Qh5 Qe5 18. Qf3+ Ke7 19. Nd5+ Ke8 20. Qg4 exd5 21. Qxg6+ Kd8 22. Qb6+ Qc7 23. Qxc7+ Kxc7 24. exd5 Kd6 25. Be4 Rd8 26. Rac1 a5 27. f4 Na6 28. Kf2 Nc7 29. Kf3 Re8 30. f5 Nxd5 31. g4 Re5 32. h4 Ke7 33. Rc5 Rxe4 34. Kxe4 Nc3+ 35. Ke5 Nxd1 36. Rxb5 Bc6 37. Rb3 a4 38. Rb4 Ra5+ 39. Kf4 Rb5 40. Rxa4 Rxb2 41. Rd4 Nc3 42. Ke3 Rxa2 43. g5 Nd5+ 44. Kd3 Ra4 45. Rxa4 Bxa4 46. Ke4 hxg5 47. hxg5 Bc6 48. Ke5 d6+ 49. Kd4 Nf4 50. f6+ gxf6 51. gxf6+ Kxf6 52. Ke3 Ke5 53. Kd2 Bf3 54. Ke3 Bh5 55. Kd2 Ke4 56. Ke1 Ng2+ 57. Kd2 d5 58. Kc1 Ke3 59. Kc2 d4 60. Kc1 d3 61. Kb2 d2 62. Kc3 d1=Q 63. Kc4 Qd4+ 64. Kb5 Qc3 65. Kb6 Kd4 66. Kb7 Bf3+ 67. Kb8 Qc6 68. Ka7 0-1

[Event "URU-ch Women 2021"]
[Site "Montevideo"]
[Date "2021.03.06"]
[Round "4.2"]
[White "Fabra, Nahiara"]
[Black "Quevedo, Andreina"]
[Result "0-1"]
[ECO "D70"]
[WhiteElo "1419"]
[BlackElo "1867"]
[Annotator "NA RC"]
[PlyCount "50"]
[EventDate "2021.03.04"]
[EventType "tourn"]
[EventCountry "URU"]
[SourceTitle "playchess.com"]
[Source "ChessBase"]
[SourceQuality "1"]
[TimeControl "3600+30"]

1. d4 Nf6 2. c4 g6 3. Nf3 Bg7 4. g3 O-O 5. Bg2 d6 6. O-O Nbd7 7. Qc2 e5 8. e3 c6 9. dxe5 Nxe5 10. Nxe5 dxe5 11. b3 Qc7 12. Bb2 Be6 13. Nd2 h6 14. h3 a5 15. a4 Nd7 16. Kh1 f5 17. f4 e4 18. Bxg7 Kxg7 19. g4 {[%emt 0:01:00] [#]} (19. Qc3+ $17 {might work better.} Kg8 20. c5) 19... Nc5 $1 20. gxf5 gxf5 21. Rg1 Kf7 22. Bf1 (22. Qd1 $17) 22... Qe7 23. Qc3 (23. Qd1 $142 Qf6 24. Qe1) 23... Rg8 24. Be2 $2 (24. Re1 Rxg1+ 25. Kxg1) 24... Qh4 25. Qe5 Qxh3# 0-1

[Event "URU-ch Women 2021"]
[Site "Montevideo"]
[Date "2021.03.06"]
[Round "5.1"]
[White "Silvera, Pilar"]
[Black "Fabra, Nahiara"]
[Result "1-0"]
[ECO "B56"]
[WhiteElo "1410"]
[BlackElo "1419"]
[Annotator "NA RC"]
[PlyCount "59"]
[EventDate "2021.03.04"]
[EventType "tourn"]
[EventCountry "URU"]
[SourceTitle "playchess.com"]
[Source "ChessBase"]
[SourceQuality "1"]
[TimeControl "3600+30"]

1. e4 c5 2. Nf3 d6 3. d4 cxd4 4. Nxd4 Nf6 5. Nc3 e5 6. Nb3 a6 7. Be2 Be7 8. Be3 Be6 9. f4 Qc7 10. f5 Bc4 11. g4 h6 12. Qd2 Nbd7 13. O-O-O O-O-O 14. Kb1 Kb8 15. Nc1 Bxe2 16. Qxe2 Nc5 17. Bf2 Qc6 18. Rhe1 g6 19. Nd3 g5 20. Nb4 Qe8 21. Nbd5 Nxd5 22. Nxd5 f6 23. Qe3 h5 24. h3 hxg4 25. hxg4 Rh2 26. Ka1 Nd7 27. Qa7+ Kc8 28. Qa8+ Nb8 29. Ba7 Kd7 30. Qxb7# 1-0

[Event "URU-ch Women 2021"]
[Site "Montevideo"]
[Date "2021.03.06"]
[Round "5.2"]
[White "Larrea, Daniela"]
[Black "Silva Rosas, Natalia"]
[Result "0-1"]
[ECO "A46"]
[WhiteElo "1705"]
[BlackElo "1771"]
[Annotator "NA RC"]
[PlyCount "76"]
[EventDate "2021.03.04"]
[EventType "tourn"]
[EventCountry "URU"]
[SourceTitle "playchess.com"]
[Source "ChessBase"]
[SourceQuality "1"]
[TimeControl "3600+30"]

1. d4 Nf6 2. Nf3 d5 3. c4 c5 4. cxd5 cxd4 5. Qxd4 Qxd5 6. Qxd5 Nxd5 7. Bd2 Bf5 8. Nc3 Nb4 9. Rc1 Nc2+ 10. Kd1 Nb4 11. Nb5 Nd5 12. Nfd4 Bd7 13. e4 a6 14. exd5 axb5 15. Bxb5 Na6 16. Ke2 g6 17. Bxd7+ Kxd7 18. Nb5 Bg7 19. Bc3 f6 20. Rhd1 Rac8 21. Nd4 Nc5 22. Bb4 Ne4 23. f3 Nd6 24. b3 h5 25. a4 h4 26. h3 Rh5 27. Rxc8 Re5+ 28. Kf1 Nxc8 29. Ne6 Bh6 30. f4 Bxf4 31. Nf8+ Ke8 32. Nxg6 Re4 33. Bc5 Bg3 34. Bf2 Kf7 35. Bxg3 hxg3 36. Nxe7 Nxe7 37. Rd3 Rf4+ 38. Kg1 Nf5 0-1

[Event "URU-ch Women 2021"]
[Site "Montevideo"]
[Date "2021.03.06"]
[Round "5.2"]
[White "Roepke, Sofia"]
[Black "Sosa, Ines"]
[Result "1-0"]
[ECO "C54"]
[WhiteElo "1589"]
[BlackElo "955"]
[Annotator "NA RC"]
[PlyCount "105"]
[EventDate "2021.03.04"]
[EventType "tourn"]
[EventCountry "URU"]
[SourceTitle "playchess.com"]
[Source "ChessBase"]
[SourceQuality "1"]
[TimeControl "3600+30"]

1. e4 e5 2. Nf3 Nc6 3. Bc4 Nf6 4. d3 Bc5 5. c3 d6 6. Bb3 O-O 7. O-O h6 8. h3 a6 9. Re1 b5 10. Nbd2 Bb7 11. Nf1 Re8 12. Ng3 Ne7 13. Nh4 d5 14. Qf3 c6 15. Bxh6 Ng6 16. Bg5 Be7 17. Nhf5 Nh7 18. Bxe7 Nxe7 19. Qg4 Nxf5 20. Nxf5 Qf6 21. Rad1 Rad8 22. Ng3 Bc8 23. Qh5 Qg6 24. Qxg6 fxg6 25. exd5 cxd5 26. d4 exd4 27. Rxe8+ Rxe8 28. Bxd5+ Kf8 29. cxd4 Nf6 30. Bc6 Rd8 31. d5 Ne8 32. Ne4 Bf5 33. f3 Ke7 34. Bxe8 Kxe8 35. d6 a5 36. Nc5 a4 37. Kf2 Kf7 38. d7 Ke7 39. Ke3 Bxd7 40. Rxd7+ Rxd7 41. Nxd7 Kxd7 42. Kf4 Kc6 43. Kg5 Kc5 44. Kxg6 Kc4 45. Kxg7 b4 46. h4 b3 47. axb3+ Kxb3 48. h5 Kxb2 49. h6 a3 50. h7 a2 51. h8=Q Kc3 52. Kf7+ Kc4 53. Qa1 1-0

[Event "URU-ch Women 2021"]
[Site "Montevideo"]
[Date "2021.03.07"]
[Round "6.1"]
[White "Sosa, Ines"]
[Black "Larrea, Daniela"]
[Result "0-1"]
[ECO "B21"]
[WhiteElo "1167"]
[BlackElo "1705"]
[Annotator "NA RC"]
[PlyCount "72"]
[EventDate "2021.03.04"]
[EventType "tourn"]
[EventCountry "URU"]
[SourceTitle "playchess.com"]
[Source "ChessBase"]
[SourceQuality "1"]
[TimeControl "3600+30"]

1. e4 c5 2. d4 cxd4 3. c3 d3 4. Bxd3 d6 5. Nf3 Nf6 6. c4 g6 7. O-O Bg7 8. Qe2 O-O 9. Nc3 Nc6 10. Rd1 Bg4 11. Be3 Ne5 12. Kh1 Qc8 13. Rg1 Nh5 14. Qd1 Bxf3 15. gxf3 Nxc4 16. Qb3 Nxe3 17. fxe3 Bxc3 18. Qxc3 Qxc3 19. bxc3 Rac8 20. Rac1 Rc5 21. f4 Rfc8 22. Be2 Nf6 23. c4 Nxe4 24. Rc2 d5 25. Rgc1 Nd6 26. Kg2 Nxc4 27. Kf2 b6 28. Bf3 e6 29. Ke2 Nd6 30. Rxc5 Rxc5 31. Rxc5 bxc5 32. Kd3 Kf8 33. a4 Ke7 34. h3 Kd7 35. h4 f6 36. Bg2 Nf5 0-1

[Event "URU-ch Women 2021"]
[Site "Montevideo"]
[Date "2021.03.07"]
[Round "6.2"]
[White "Quevedo, Andreina"]
[Black "Silvera, Pilar"]
[Result "1-0"]
[ECO "B76"]
[WhiteElo "1867"]
[BlackElo "1410"]
[Annotator "NA RC"]
[PlyCount "105"]
[EventDate "2021.03.04"]
[EventType "tourn"]
[EventCountry "URU"]
[SourceTitle "playchess.com"]
[Source "ChessBase"]
[SourceQuality "1"]
[TimeControl "3600+30"]

1. e4 c5 2. Nf3 d6 3. d4 cxd4 4. Nxd4 Nf6 5. Nc3 g6 6. Be3 Bg7 7. f3 O-O 8. Qd2 Nc6 9. O-O-O Bd7 10. g4 Rc8 11. h4 h5 12. gxh5 Nxh5 13. Rg1 Ne5 14. Be2 Nc4 15. Bxc4 Rxc4 16. Kb1 b5 17. Ncxb5 (17. b3 $16 Rc5 18. Nde2) 17... Bxb5 (17... e5 $1 $11 {remains equal.}) 18. Nxb5 {[%emt 0:00:05] Discovered Attack} Qb8 19. Nd4 Rfc8 {[%emt 0:00:24] [#]} 20. Rc1 $1 a5 21. Qxa5 $2 (21. c3 $16 {keeps the pressure on.}) 21... Rxd4 22. Bxd4 Bxd4 23. Rxg6+ Bg7 $2 {[%emt 0:00:10] [#]} (23... Kf8 $17 24. c3 fxg6 25. cxd4 Rxc1+ 26. Kxc1 Qc8+ 27. Qc3 Qa6) 24. Rxg7+ $1 Nxg7 25. Qg5 Qc7 {[%emt 0:01:03] [#]} 26. Rg1 $1 Qxc2+ 27. Ka1 Kf8 28. Qxg7+ Ke8 29. Qg5 Rc5 30. Qe3 Kd7 31. f4 Qh2 32. Rd1 Qc2 33. Qe1 Qh2 34. f5 Rc2 35. Qb4 Qf4 $2 (35... Qxh4 36. f6 Qg5 37. Qa4+ Rc6 38. fxe7 Qc5) 36. Qa4+ Rc6 37. Qa7+ Rc7 38. Qa4+ Rc6 39. h5 Kc7 40. a3 Qh2 41. Qa5+ Kc8 42. Qa8+ Kc7 43. Qa7+ Kc8 44. Qxe7 Qxh5 45. Rxd6 Rxd6 46. Qxd6 Qh1+ 47. Ka2 Qxe4 48. Qf8+ {[%emt 0:00:05] Double Attack} Kc7 49. Qxf7+ Kb8 50. Qe6 Qg2 51. f6 Qg6 52. Qd6+ Kc8 53. Qf8+ 1-0

[Event "URU-ch Women 2021"]
[Site "Montevideo"]
[Date "2021.03.07"]
[Round "6.2"]
[White "Fabra, Nahiara"]
[Black "Roepke, Sofia"]
[Result "0-1"]
[ECO "E04"]
[WhiteElo "1184"]
[BlackElo "1589"]
[Annotator "NA RC"]
[PlyCount "56"]
[EventDate "2021.03.04"]
[EventType "tourn"]
[EventCountry "URU"]
[SourceTitle "playchess.com"]
[Source "ChessBase"]
[SourceQuality "1"]
[TimeControl "3600+30"]

1. d4 d5 2. c4 e6 3. Nf3 Nf6 4. g3 dxc4 5. Bg2 a6 6. a4 Nbd7 7. Qc2 Rb8 8. Qxc4 b5 9. axb5 axb5 10. Qc2 c5 11. O-O Bb7 12. Rd1 Qb6 13. e3 Be7 14. b3 O-O 15. Nc3 Rfc8 16. Bb2 cxd4 17. Nxd4 Bxg2 18. Kxg2 b4 19. Na4 Qb7+ 20. Nc6 Rxc6 21. Qe2 Rc2+ 22. Qf3 Qxf3+ 23. Kxf3 h6 24. Rac1 Rbc8 25. Rxc2 Rxc2 26. Rd4 Ne5+ 27. Kf4 Rxf2+ 28. Kxe5 Rf5# 0-1

[Event "URU-ch Women 2021"]
[Site "Montevideo"]
[Date "2021.03.07"]
[Round "7.1"]
[White "Larrea, Daniela"]
[Black "Fabra, Nahiara"]
[Result "1-0"]
[ECO "D37"]
[WhiteElo "1705"]
[BlackElo "1419"]
[Annotator "NA RC"]
[PlyCount "89"]
[EventDate "2021.03.04"]
[EventType "tourn"]
[EventCountry "URU"]
[SourceTitle "playchess.com"]
[Source "ChessBase"]
[SourceQuality "1"]
[TimeControl "3600+30"]

1. d4 d5 2. c4 e6 3. Nf3 Nf6 4. Nc3 Be7 5. g3 b6 6. Bg2 Bb7 7. Ne5 O-O 8. O-O Nbd7 9. Nd3 c5 10. dxc5 Nxc5 11. Nxc5 Bxc5 12. cxd5 Nxd5 13. Nxd5 Bxd5 14. Bxd5 Qxd5 15. Qxd5 exd5 16. Rd1 Rad8 17. a3 a5 18. Bd2 Rfe8 19. Kf1 f6 20. Rac1 Rc8 21. Bc3 Red8 22. Rd3 Rd7 23. Bd4 Rdc7 24. Rdc3 Kf7 25. Ke1 Ke6 26. Kd2 Kd7 27. Kd3 Bxd4 28. Rxc7+ Rxc7 29. Rxc7+ Kxc7 30. Kxd4 Kc6 31. a4 Kd6 32. g4 g6 33. h4 h6 34. f4 f5 35. g5 h5 36. b3 Ke6 37. Kc3 Kd6 38. b4 d4+ 39. Kxd4 axb4 40. Kc4 b3 41. Kxb3 Kc5 42. Kc3 Kd5 43. Kd3 Kd6 44. Kd4 Ke6 45. e4 1-0

[Event "URU-ch Women 2021"]
[Site "Montevideo"]
[Date "2021.03.07"]
[Round "7.2"]
[White "Silva Rosas, Natalia"]
[Black "Sosa, Ines"]
[Result "1-0"]
[ECO "A01"]
[WhiteElo "1771"]
[BlackElo "1167"]
[Annotator "NA"]
[PlyCount "39"]
[EventDate "2021.03.04"]
[EventType "tourn"]
[EventCountry "URU"]
[SourceTitle "playchess.com"]
[Source "ChessBase"]
[SourceQuality "1"]
[TimeControl "3600+30"]

1. b3 d5 2. Bb2 Nf6 3. e3 e6 4. Nf3 Nc6 5. Bb5 Bd7 6. Bxc6 Bxc6 7. Ne5 Bd6 8. O-O O-O 9. f4 Bb5 10. d3 c6 11. a4 Ba6 12. Rf3 Nd7 13. Ng4 Nf6 14. Nh6+ gxh6 15. Rg3+ Kh8 16. Qg4 Rg8 17. Qxg8+ Qxg8 18. Bxf6+ Qg7 19. Rxg7 c5 20. Rg6# 1-0